 Dungeon Crawl Stone Soup version 0.18-a0-846-g91b95b1 (webtiles) character file.

29449 JokEr the Impaler (level 13, -1/113 HPs)
             Began as a Merfolk Fighter on Dec 20, 2015.
             Was a High Priest of Okawaru.
             Slain by a merfolk
             ... wielding a +0 trident
              (13 damage)
             ... on level 5 of the Lair of Beasts.
             The game lasted 00:43:42 (19749 turns).

JokEr the Impaler (Merfolk Fighter)                Turns: 19749, Time: 00:43:42

Health: -1/113     AC: 17    Str: 23    XL:     13   Next: 45%
Magic:  20/22      EV: 11    Int:  8    God:    Okawaru [*****.]
Gold:   1009       SH: 20    Dex: 14    Spells: 0 memorised, 12 levels left

rFire  . . .     SeeInvis .     a - +1 trident
rCold  . . .     Gourm    .     i - +0 plate armour
rNeg   . . .     Faith    .     n - +0 large shield
rPois  .         Spirit   .     z - +0 helmet
rElec  .         Dismiss  .     w - +0 cloak of the Planets {MP+9 Str+3 Stlth+}
rCorr  .         Reflect  .     e - +0 pair of gloves
SustAt .         Harm     .     (no boots)
MR     .....                    (no amulet)
Stlth  ++++......               u - ring of stealth
                                b - +4 ring of slaying

@: about to teleport, heroism, not resistant to hostile enchantments, stealthy
A: change form in water, swift swim
a: Heroism, Finesse, Renounce Religion


You were on level 5 of the Lair of Beasts.
You worshipped Okawaru.
Okawaru was extremely pleased with you.
You were very hungry.

You visited 3 branches of the dungeon, and saw 16 of its levels.

You collected 1009 gold pieces.

Inventory:

Hand Weapons
 a - a +1 trident (weapon)
Armour
 e - a +0 pair of gloves (worn)
 i - a +0 plate armour (worn)
 n - a +0 large shield (worn)
 w - the +0 cloak of the Planets (worn) {MP+9 Str+3 Stlth+}
   (You found it on level 6 of the Dungeon)

   It affects your strength (+3).
   It affects your magic capacity (+9).
   It makes you more stealthy.
 z - a +0 helmet (worn)
Jewellery
 b - a +4 ring of slaying (left hand)
 u - a ring of stealth (right hand)
 G - an uncursed ring of fire
 O - an uncursed ring of poison resistance
Wands
 g - a wand of polymorph (6/24)
 h - a wand of polymorph (8/24)
 o - a wand of flame (34/48)
 C - a wand of cold (3/15)
 F - a wand of cold (9/15)
Scrolls
 l - 2 scrolls of amnesia
 m - 7 scrolls of teleportation
 p - 5 scrolls of enchant armour
 y - 3 scrolls of remove curse
 E - a scroll of identify
 H - 3 scrolls of magic mapping
 I - a scroll of enchant weapon
Potions
 c - 5 potions of magic
 j - a potion of cure mutation
 A - 2 potions of agility
 B - a potion of brilliance
 K - a potion of berserk rage
Books
 q - a book of the Warp

   Spells                             Type                      Level
   a - Recall                         Summoning/Translocation      3
   b - Gell's Gravitas                Hexes/Translocation          3
   c - Force Lance                    Conjuration/Translocation    4
   d - Phase Shift                    Translocation                5
   e - Warp Weapon                    Charms/Translocation         5
   f - Summon Forest                  Summoning/Translocation      5
 r - a book of Summonings

   Spells                             Type                      Level
   a - Recall                         Summoning/Translocation      3
   b - Aura of Abjuration             Summoning                    5
   c - Shadow Creatures               Summoning                    5
   d - Summon Demon                   Summoning                    5
   e - Summon Forest                  Summoning/Translocation      5
   f - Summon Mana Viper              Hexes/Summoning              5
 s - a book of Death

   Spells                             Type                      Level
   a - Corpse Rot                     Necromancy                   2
   b - Sublimation of Blood           Necromancy                   2
   c - Agony                          Necromancy                   5
   d - Dispel Undead                  Necromancy                   5
   e - Excruciating Wounds            Charms/Necromancy            5
   f - Bolt of Draining               Conjuration/Necromancy       5
 D - a book of Power

   Spells                             Type                      Level
   a - Fulminant Prism                Conjuration/Hexes            4
   b - Iskenderun's Mystic Blast      Conjuration                  4
   c - Venom Bolt                     Conjuration/Poison           5
   d - Bolt of Magma                  Conjuration/Fire/Earth       5
   e - Iron Shot                      Conjuration/Earth            6
   f - Orb of Destruction             Conjuration                  7
   g - Spellforged Servitor           Conjuration/Summoning        7
Comestibles
 d - 5 meat rations
 f - 11 bread rations
 k - 11 fruits
 t - a royal jelly
 v - 5 beef jerkies
 x - 7 slices of pizza


   Skills:
 - Level 14.0(19.0) Fighting
 - Level 17.4(22.4) Polearms
 - Level 2.1(7.1) Armour
 - Level 9.0(14.0) Dodging
 + Level 9.5(14.5) Stealth
 - Level 8.6(13.6) Shields


You had 12 spell levels left.
You didn't know any spells.

Dungeon Overview and Level Annotations

Branches:
Dungeon (10/15)            Temple (1/1) D:7            Lair (5/8) D:9
  Snake (0/4) Lair:3
  Swamp: Lair:3-6    Shoals: Lair:3-6       Orc: D:9-12

Altars:
Ashenzari
Cheibriados
Dithmenos
Elyvilon
Fedhas
Gozag
Makhleb
Okawaru
Pakellas
Qazlal
Ru
Sif Muna
Trog
Vehumet
Yredelemnul
Zin
The Shining One

Shops:
D:4 *


Message History

* * * LOW HITPOINT WARNING * * *
Drink which item? (? for menu, Esc to quit)
Okay, then.
Read which item? (? for menu, Esc to quit)
As you read the scroll of teleportation, it crumbles to dust.
You feel strangely unstable. The yak gores you but does no damage.
The merfolk hits you but does no damage. x2
You gain the combat prowess of a mighty hero.
You are feeling very hungry.
You block the yak's attack.
The merfolk hits you from afar with a trident!
* * * LOW HITPOINT WARNING * * *
You hit the yak.
The yak is almost dead.
You block the merfolk's attack. The yak gores you but does no damage.
You puncture the yak!
You kill the yak!
Okawaru accepts your kill.
The merfolk hits you from afar with a trident!
You die...

P#....#.......##.###
..............#P.PP##
....................#
....................##
.....................#
.....................###.
........................m
.................)†......#
...............#@mm.PP....
.P.....#......#†#######.P
.###.#.#........#..## ..P
..#.................###.#
.#.#...#.......#.....##.#
..#....#.......#P.###†#.##
..##....+.....#...# ##...#
..##...........#.####.#..#
.#..#.PP#................#


You could see 2 merfolk.

Vanquished Creatures
  Gastronok (Lair:1)
  Snorg (Lair:3)
  Erolcha (D:9)
  3 hydras
  Joseph (D:7)
  15 elephants (Lair:4)
  2 spiny frogs
  A black mamba (Lair:4)
  2 komodo dragons (Lair:3)
  2 fire drakes
  A troll (D:9)
  The ghost of Gorice the Skirmisher, an amateur OpWn (D:4)
  7 blink frogs
  A slime creature (D:7)
  Sigmund (D:3)
  22 yaks
  Grum (D:8)
  2 wyverns
  A human (D:7)
  4 hippogriffs
  2 basilisks
  14 wolves
  Edmund (D:4)
  A naga (Lair:3)
  7 water moccasins
  8 porcupines
  Duvessa (D:6)
  2 black bears
  2 phantoms
  2 necrophages
  2 ice beasts
  3 eyes of draining
  2 wasps
  A sky beast (D:8)
  7 ogres
  An orc warrior (D:7)
  2 big kobolds
  9 crocodiles
  5 centaurs
  Blork the orc (D:4)
  A gnoll sergeant (D:8)
  16 giant frogs
  Dowan (D:6)
  3 scorpions
  3 killer bees (D:8)
  3 wights (D:6)
  A quasit (D:10)
  A giant frog zombie (D:8)
  A centaur zombie (D:7)
  7 jellies
  5 crimson imps
  An orc priest (D:10)
  6 orc wizards
  4 hounds
  2 giant frog skeletons
  7 iguanas
  19 sheep
  8 worker ants
  2 worker ant zombies
  Robin (D:2)
  11 adders
  6 gnolls
  20 river rats
  3 shadow imps
  10 oozes
  2 adder skeletons
  3 worms
  26 orcs
  A ball python (D:6)
  5 giant cockroaches
  17 goblins
  13 hobgoblins
  21 kobolds
  5 quokkas
  A ball python skeleton (D:4)
  8 bats
  10 giant geckos
  A giant gecko skeleton (D:4)
  7 giant newts
  4 jackals
  5 rats
  A fungus (D:9)
  4 plants (D:9)
419 creatures vanquished.

Vanquished Creatures (others)
  An adder (D:9)
  9 fungi
  A plant (Lair:4)
11 creatures vanquished.

Grand Total: 430 creatures vanquished

Notes
Turn   | Place    | Note
--------------------------------------------------------------
     0 | D:1      | JokEr the Merfolk Fighter began the quest for the Orb.
     0 | D:1      | Reached XP level 1. HP: 18/18 MP: 1/1
   267 | D:1      | Reached XP level 2. HP: 24/24 MP: 2/2
   833 | D:1      | Reached skill level 4 in Polearms
  1127 | D:1      | Reached XP level 3. HP: 30/30 MP: 3/3
  1412 | D:2      | Noticed Robin
  1443 | D:2      | Killed Robin
  1445 | D:2      | Reached skill level 5 in Polearms
  1445 | D:2      | Reached XP level 4. HP: 17/37 MP: 4/4
  1980 | D:2      | Found an oddly glowing altar of Pakellas.
  3017 | D:4      | Noticed Blork the orc
  3107 | D:4      | Reached XP level 5. HP: 35/43 MP: 5/5
  3114 | D:4      | Reached skill level 6 in Polearms
  3401 | D:4      | Found Mommuinna's General Store.
  3429 | D:4      | Noticed Edmund
  3444 | D:4      | Killed Edmund
  3444 | D:4      | Reached skill level 5 in Fighting
  3444 | D:4      | Reached skill level 7 in Polearms
  3444 | D:4      | Reached XP level 6. HP: 24/51 MP: 6/6
  3779 | D:4      | Killed Blork the orc
  3880 | D:4      | Reached skill level 8 in Polearms
  3880 | D:4      | Reached XP level 7. HP: 46/59 MP: 7/7
  4352 | D:4      | Noticed Gorice's ghost (amateur OpWn)
  4387 | D:4      | Killed Gorice's ghost
  4387 | D:4      | Reached skill level 9 in Polearms
  4597 | D:4      | Noticed Sigmund
  4640 | D:3      | Killed Sigmund
  4640 | D:3      | Reached XP level 8. HP: 54/68 MP: 8/8
  4806 | D:4      | Reached skill level 10 in Polearms
  5172 | D:5      | Entered Level 5 of the Dungeon
  5434 | D:5      | Found a burning altar of Makhleb.
  5720 | D:5      | Found a sacrificial altar of Ru.
  5792 | D:5      | Identified a -1 rod of destruction (16/16) (You found it on level 5 of the Dungeon)
  5806 | D:6      | Reached skill level 11 in Polearms
  5889 | D:6      | Got an ichor-stained cloak
  5895 | D:6      | Identified the cursed +0 cloak of the Planets {MP+9 Str+3 Stlth+} (You found it on level 6 of the Dungeon)
  5907 | D:6      | Noticed Duvessa
  5910 | D:6      | Noticed Dowan
  6107 | D:6      | Killed Duvessa
  6107 | D:6      | Reached XP level 9. HP: 51/76 MP: 9/9
  6121 | D:6      | Killed Dowan
  6612 | D:6      | Reached skill level 12 in Polearms
  6714 | D:6      | Found a glowing silver altar of Zin.
  6942 | D:6      | Reached skill level 10 in Fighting
  7295 | D:7      | Found a stormy altar of Qazlal.
  7344 | D:7      | Found a staircase to the Ecumenical Temple.
  7360 | Temple   | Entered the Ecumenical Temple
  7494 | Temple   | Became a worshipper of Warmaster Okawaru
  7713 | D:7      | Noticed Joseph
  7736 | D:7      | HP: 3/79 [Joseph/wand of draining (12)]
  7747 | D:7      | Killed Joseph
  7747 | D:7      | Reached skill level 13 in Polearms
  8146 | D:7      | Reached XP level 10. HP: 45/86 MP: 10/10
  8463 | D:7      | Reached * piety under Okawaru
  8615 | D:8      | Reached skill level 14 in Polearms
  9330 | D:8      | Noticed Grum
  9390 | D:8      | Killed Grum
  9805 | D:8      | Found an iron altar of Okawaru.
 10156 | D:8      | Reached ** piety under Okawaru
 10156 | D:8      | Reached skill level 15 in Polearms
 10761 | D:9      | Reached XP level 11. HP: 42/96 MP: 11/11
 10770 | D:9      | Reached *** piety under Okawaru
 11035 | D:9      | Noticed Erolcha
 11057 | D:9      | Killed Erolcha
 11057 | D:9      | Reached skill level 16 in Polearms
 11177 | D:9      | Found a staircase to the Lair.
 11887 | D:9      | Found a bloodstained altar of Trog.
 12110 | D:10     | Entered Level 10 of the Dungeon
 12259 | D:10     | Reached **** piety under Okawaru
 12792 | D:10     | Found a blossoming altar of Fedhas.
 13463 | Lair:1   | Entered Level 1 of the Lair of Beasts
 13469 | Lair:1   | Noticed Gastronok
 13490 | Lair:1   | Killed Gastronok
 13490 | Lair:1   | Reached skill level 17 in Polearms
 13953 | Lair:1   | Reached skill level 1 in Dodging
 14110 | Lair:1   | Noticed a five-headed hydra
 14124 | Lair:1   | Killed a five-headed hydra
 14124 | Lair:1   | Reached ***** piety under Okawaru
 14303 | Lair:1   | Reached XP level 12. HP: 99/107 MP: 12/12
 14310 | Lair:1   | Received a gift from Okawaru
 14310 | Lair:1   | Reached skill level 5 in Dodging
 14743 | Lair:2   | You fall through a shaft!
 14956 | Lair:3   | Found a staircase to the Snake Pit.
 15947 | Lair:3   | Noticed Snorg
 15967 | Lair:3   | Killed Snorg
 16341 | Lair:3   | Noticed a six-headed hydra
 16357 | Lair:3   | Killed a six-headed hydra
 16357 | Lair:3   | Received a gift from Okawaru
 16357 | Lair:3   | Reached skill level 5 in Shields
 16375 | Lair:3   | Got a faintly humming robe {god gift}
 16386 | Lair:3   | Identified the +1 robe of the Equator {Dex+2} (Okawaru gifted it to you on level 3 of the Lair of Beasts)
 18038 | Lair:4   | Reached skill level 1 in Stealth
 18090 | Lair:4   | Reached XP level 13. HP: 113/113 MP: 13/13
 18252 | Lair:4   | Reached skill level 5 in Stealth
 18923 | Lair:4   | Received a gift from Okawaru
 19719 | Lair:5   | Received a gift from Okawaru
 19749 | Lair:5   | Slain by a merfolk

Vault maps used:
D:1:      minmay_arrival_loop
D:2:      nicolae_overflow_crystal_walls, uniq_sigmund, uniq_robin
D:4:      lemuel_upstairs_altar, serial_shops, nicolae_shop_behind_doors,
          uniq_edmund, uniq_blork_the_orc
D:5:      kennysheep_mini, nicolae_overflow_hidden_temple, first_bread,
          corexii_leaking_fountain
D:6:      lemuel_doored_altar, uniq_duvessa
D:7:      lemuel_crystal_altar, minmay_temple_entry_statues_fountains,
          grunt_livestock, uniq_joseph
D:8:      lemuel_slime, serial_glass, glass_columns_b, glass_columns_b,
          glass_columns_c, glass_columns_a, glass_columns_a, glass_columns_a,
          glass_columns_a, glass_columns_b, okawaru_gym_becter, uniq_grum
D:9:      trog_eyes_of_draining, due_lair_maze_entry_diamond, stair_cage_wide,
          uniq_erolcha
D:10:     fedhas_bush_and_centaur_altar
Temple:   hc_temple_tempest_star
Lair:1:   serial_bayou_pond_b, lemuel_fruit_tree, uniq_gastronok
Lair:3:   guppyfry_snake_entry_garden, lab_entry_generic,
          infiniplex_staircase_pool, uniq_snorg
Lair:4:   beast_lair_carwin_large_4
Lair:5:   elwin_shoals_entry_stream, serial_bayou_shore_b, grunt_megastairs_3

Action                   |  1- 3 |  4- 6 |  7- 9 | 10-12 | 13-15 || total
-------------------------+-------+-------+-------+-------+-------++-------
Melee: Trident           |   122 |   212 |   499 |  1305 |   270 ||  2408
Invok: Heroism           |       |       |       |    13 |     3 ||    16
  Use: Scroll            |     3 |     5 |     9 |    12 |     3 ||    32
       Potion            |     1 |     2 |     2 |    16 |       ||    21
 Stab: Sleeping          |       |       |       |       |     1 ||     1
  Eat: Chunk             |     2 |     3 |    12 |    18 |       ||    35
       Bread ration      |       |     1 |       |     2 |       ||     3
       Fruit             |       |       |     2 |     1 |     2 ||     5
       Meat ration       |       |       |       |     2 |       ||     2
